AoeStats
← Overcome8853

Black Forest

509666467Analyzed
3v3 RM · 3d ago on Sep 27, 2026· 77m 40s· 6 players
Game mode
Random Map
Map size
Normal (6 player)
Population
200
Speed
Normal
Resources
Standard
Victory
Conquest
Starting age
Dark Age
Ending age
Imperial Age
RankedLock teamsTeams togetherTeam positionsShared explorationLock speedFull tech treeHidden civsTurbo modeCheats
Victory
Defeat
🇭🇺 Japanese · Hungary
939
+33
🇭🇺 Persians · Hungary
741
+19
🇭🇺 Celts · Hungary
704
+21
🇫🇷 Franks · France
848
-18
🇬🇧 Teutons · United Kingdom
806
-17
🇹🇷 Slavs · Türkiye
792
-16
TIMUR
1:21 Loom
11:09 Feudal Age
13:33 Double-Bit Axe
19:59 Castle Age
18:15 Horse Collar
23:40 Bow Saw
26:36 Fortified Wall
28:03 Gold Mining
31:00 Wheelbarrow
30:14 Town Watch
34:31 Imperial Age
32:12 Scale Barding Armor
32:56 Husbandry
33:14 Bloodlines
33:57 Forging
33:39 Fletching
34:33 Chain Barding Armor
35:01 Hand Cart
35:34 Conscription
35:38 Heavy Plow
37:34 Chemistry
37:19 Elite Boyar
38:39 Iron Casting
38:51 Plate Barding Armor
40:22 Pikeman
41:02 Squires
42:05 Blast Furnace
42:46 Scale Mail Armor
42:43 Bodkin Arrow
43:10 Ballistics
42:46 Murder Holes
42:22 Man-at-Arms
43:36 Crop Rotation
44:59 Long Swordsman
45:48 Druzhina
46:02 Two-Handed Swordsman
46:39 Champion
47:43 Chain Mail Armor
47:30 Caravan
50:26 Plate Mail Armor
50:33 Capped Ram
50:52 Heavy Scorpion
52:40 Capped Ram
53:03 Halberdier
53:40 Siege Ram
55:32 Masonry
56:28 Two-Man Saw
55:00 Light Cavalry
57:44 Onager
58:51 Elite Skirmisher
61:59 Siege Onager
66:10 Detinets
70:51 Hoardings
OrMercure41
0:27 Loom
12:11 Feudal Age
20:28 Castle Age
18:32 Stone Mining
19:26 Gold Mining
20:45 Double-Bit Axe
27:12 Pikeman
31:29 Ordonnance Companies
39:10 Squires
39:27 Fortified Wall
39:13 Murder Holes
39:40 Ballistics
41:54 Bow Saw
42:36 Gold Shaft Mining
45:47 Imperial Age
44:19 Scale Mail Armor
44:30 Forging
44:26 Scale Barding Armor
46:53 Conscription
46:11 Elite Throwing Axeman
47:24 Capped Ram
48:01 Halberdier
49:00 Arrowslits
50:55 Iron Casting
53:45 Chemistry
64:14 Chain Mail Armor
Done
Overcome8853
12:45 Feudal Age
20:52 Castle Age
21:18 Forging
21:09 Scale Mail Armor
21:13 Padded Archer Armor
21:23 Scale Barding Armor
22:22 Horse Collar
23:02 Fishing Lines
23:40 Pikeman
24:21 Squires
29:20 Crossbowman
35:11 Wheelbarrow
34:26 Loom
35:20 Iron Casting
41:15 Imperial Age
42:30 Imperial Age
40:17 Hand Cart
43:39 Chain Mail Armor
43:40 Leather Archer Armor
44:27 Blast Furnace
44:12 Ballistics
44:58 Chemistry
44:31 Halberdier
49:35 Kataparuto
54:21 Elite Samurai
67:25 Thumb Ring
69:58 Man-at-Arms
70:02 Arbalester
Pufci2011
0:32 Loom
16:44 Feudal Age
17:40 Horse Collar
18:10 Gold Mining
18:32 Double-Bit Axe
24:00 Castle Age
25:47 Bow Saw
25:41 Heavy Plow
26:22 Gold Shaft Mining
25:38 Stone Mining
30:52 Imperial Age
30:08 Stone Shaft Mining
30:39 Ballistics
32:49 Chemistry
34:59 Furor Celtica
36:09 Caravan
36:40 Coinage
36:20 Heavy Scorpion
43:22 Elite Woad Raider
56:23 Forging
56:14 Scale Mail Armor
Scrap
0:27 Loom
20:14 Feudal Age
21:36 Wheelbarrow
20:45 Horse Collar
20:55 Double-Bit Axe
23:41 Castle Age
22:17 Stone Mining
22:18 Gold Mining
25:30 Heavy Plow
25:43 Bow Saw
26:12 Gold Shaft Mining
26:13 Stone Shaft Mining
27:03 Hand Cart
44:45 Husbandry
46:15 Scale Barding Armor
46:21 Forging
52:50 Imperial Age
52:48 Padded Archer Armor
52:39 Fletching
54:42 Heavy Scorpion
58:47 Guilds
59:08 Coinage
58:39 Caravan
58:13 Cavalier
61:02 Ballistics
61:50 Chemistry
61:27 Banking
61:28 Leather Archer Armor
64:48 Savar
Connection lost

Rejoining the realm…

Still unreachable

The connection could not be restored.

Session expired

The server has moved on; the page needs a fresh start.